 Dungeon Crawl Stone Soup version 0.19.1-1-g22dce08 (webtiles) character file.

289 theAP the Skirmisher (level 6, -1/51 HPs)
             Began as a Formicid Fighter on Jan 3, 2017.
             Slain by an ogre
             ... wielding a +0 giant club
              (24 damage)
             ... on level 3 of the Dungeon.
             The game lasted 00:07:19 (2183 turns).

theAP the Skirmisher (Formicid Fighter)             Turns: 2183, Time: 00:07:20

Health: -1/51      AC:  8    Str: 23    XL:     6   Next: 57%
Magic:  6/6        EV:  8    Int:  7    God:
Gold:   104        SH: 10    Dex: 12    Spells: 0 memorised, 5 levels left

rFire  . . .     SeeInvis +     a - +0 flail
rCold  . . .     Gourm    .     b - +0 scale mail
rNeg   . . .     Faith    .     g - +0 shield (curse)
rPois  +         Spirit   .     (helmet unavailable)
rElec  .         Reflect  .     (no cloak)
rCorr  .         Harm     .     l - +0 pair of gloves
MR     .....                    (no boots)
Stlth  ..........               (no amulet)
                                h - +2 ring of dexterity
                                i - ring of poison resistance

@: no status effects
A: permanent stasis, dig shafts and tunnels, four strong arms, antennae 3
a: Dig, Shaft Self


You were on level 3 of the Dungeon.
You were not hungry.

You visited 1 branch of the dungeon, and saw 4 of its levels.

You collected 104 gold pieces.

Inventory:

Hand Weapons
 a - a +0 flail (weapon)
 j - a +1 mace of protection
Armour
 b - a +0 scale mail (worn)
 c - a +0 shield
 g - a cursed +0 shield (worn)
 l - a +0 pair of gloves (worn)
 q - a +3 ring mail of poison resistance
Jewellery
 e - an uncursed ring of fire
 h - a +2 ring of dexterity (right hand)
 i - a ring of poison resistance (left hand)
 k - an uncursed ring of flight
Scrolls
 r - a scroll of noise
 t - a scroll of identify
 u - a scroll of teleportation {unknown}
Potions
 d - a potion of might
 m - 2 potions of haste
 n - a potion of degeneration
Comestibles
 f - a bread ration
 o - 2 meat rations


   Skills:
 + Level 5.2 Fighting
 * Level 5.1 Maces & Flails
 - Level 3.4 Armour
 - Level 3.8 Shields


You had 5 spell levels left.
You didn't know any spells.

Dungeon Overview and Level Annotations

Branches:
Dungeon (4/15)
 Temple: D:4-7

Altars:


Innate Abilities, Weirdness & Mutations

You are under a permanent stasis effect.
You can dig through walls and to a lower floor.
Your four strong arms can wield two-handed weapons with a shield.
You have a pair of large antennae on your head. (SInv)


Message History

You climb downwards.
You block the ogre's attack.
The orc priest calls down the wrath of Beogh upon you.
Beogh smites you! The orc wizard casts a spell at you.
The puff of flame hits you!
There is a stone staircase leading up here.
You block the ogre's attack. You block the orc wizard's attack.
You climb upwards.
There is a stone staircase leading down, spattered with blood here.
You barely miss the orc wizard. The ogre hits you with a giant club!
The orc wizard hits you but does no damage.
You hit the orc wizard but do no damage.
The ogre barely misses you. You block the orc wizard's attack.
You hit the orc wizard but do no damage.
The orc wizard closely misses you. The ogre barely misses you.
You sock the orc wizard!
The orc wizard is severely wounded.
The orc wizard hits you but does no damage.
The ogre hits you with a giant club!!
You die...

#......# #.## #......#
#.## #......# #.#.
#......# #.#. ### #......#
#... #.# ###......# #.#.
##### #.# #....[...# #.#.
....######.####[o[.#####
#.#. ................@..#
#.#. ##########.#..##O###
#.#. ........##.##.##.###
#.#. ........##.#.......##
#.#† ...........#..♣♣♣...#
#.#. ........##...♣# #♣..#
#########. ###.....##...♣
♣..# #.........
........##...♣# #♣.##
#.#######.
.[......##....♣♣♣..#####.#
#.


You could see an ogre and an orc wizard.

Vanquished Creatures
  An orc priest (D:3)
  2 orc wizards (D:3)
  Jessica (D:1)
  Terence (D:3)
  A worker ant (D:3)
  6 adders
  An ooze (D:3)
  3 worms (D:2)
  2 dart slugs
  3 leopard geckos
  8 orcs (D:3)
  A ball python (D:1)
  3 giant cockroaches
  3 goblins
  6 hobgoblins
  2 quokkas (D:3)
  6 bats
  6 kobolds
  A rat (D:2)
57 creatures vanquished.

Notes
Turn   | Place    | Note
-------+----------+-------------------------------------------
     0 | D:1      | theAP the Formicid Fighter began the quest for the Orb.
     0 | D:1      | Reached XP level 1. HP: 18/18 MP: 1/1
   157 | D:1      | Reached XP level 2. HP: 23/24 MP: 2/2
   212 | D:1      | You fall through a shaft!
   565 | D:2      | Noticed Jessica
   611 | D:1      | Killed Jessica
   611 | D:1      | Reached XP level 3. HP: 28/30 MP: 3/3
   674 | D:2      | Reached XP level 4. HP: 31/37 MP: 4/4
  1168 | D:3      | Noticed Terence
  1177 | D:3      | Killed Terence
  1177 | D:3      | Reached XP level 5. HP: 43/43 MP: 5/5
  1521 | D:3      | Reached XP level 6. HP: 49/50 MP: 6/6
  1863 | D:3      | Reached skill level 5 in Fighting
  1881 | D:4      | Noticed an ogre
  1900 | D:3      | Reached skill level 5 in Maces & Flails
  2183 | D:3      | Slain by an ogre

Skill      XL: |  1  2  3  4  5  6 |
---------------+-------------------+-----
Fighting       | 4 5 |  5.2
Maces & Flails | 3 4 5 |  5.1
Armour         | |  3.4
Shields        | |  3.8

Action                   |  1- 3 |  4- 6 || total
-------------------------+-------+-------++-------
Melee: Flail             |    56 |   140 ||   196
  Use: Scroll            |       |     5 ||     5
       Potion            |       |     1 ||     1
  Eat: Chunk             |       |     4 ||     4
Armor: Scale mail        |    15 |    67 ||    82
Dodge: Dodged            |    15 |    72 ||    87
Block: Shield            |    30 |   105 ||   135
